[Event "1st Chessable Sunway Formentera 2022"]
[Site "Formentera Punta Prima"]
[Date "2022.05.01"]
[Round "3"]
[White "Vanduyfhuys, Daria"]
[Black "Sasikiran, Krishnan"]
[Result "0-1"]
[ECO "A90"]
[WhiteElo "2063"]
[BlackElo "2651"]
[Annotator "TA"]
[PlyCount "70"]
[EventDate "2022.05.05"]
[EventType "swiss"]
[EventCountry "ESP"]
[SourceTitle "playchess.com"]
[Source "ChessBase"]
[SourceQuality "1"]
[TimeControl "40/5400+30:1800+30"]

1. d4 e6 2. c4 f5 3. g3 Nf6 4. Bg2 c6 5. Nf3 d5 6. O-O Bd6 7. b3 Qe7 8. a4 a5 9. Ba3 Bxa3 10. Nxa3 Nbd7 {[%emt 0:00:18] A90: Dutch Defence: Miscellaneous and Modern Stonewall (with ...Bd6).} 11. Bh3 {[%emt 0:12:25] [#]} g6 $146 ({Predecessor:} 11... Ng4 12. Bxg4 fxg4 13. Nd2 e5 14. e4 dxe4 15. Nxe4 exd4 16. Qxd4 O-O 17. Rfe1 Qe5 18. Nc2 Qxd4 19. Nxd4 {1-0 (85) Khotenashvili,B (2459)-Mkrtchian,L (2390) Heraklion 2017}) 12. Qc1 Ne4 {[%emt 0:07:56] The position is equal.} 13. Qb2 b6 14. Nc2 Ba6 15. Rfc1 O-O 16. Nce1 c5 17. e3 Rac8 18. Bf1 cxd4 (18... g5 {with more complications.} 19. cxd5 Bxf1 20. dxe6 Qxe6 21. Kxf1 f4) 19. exd4 f4 20. cxd5 fxg3 21. hxg3 Rxc1 22. Rxc1 Bxf1 23. Kxf1 exd5 {[%emt 0:02:35] Strongly threatening ...g5.} 24. Kg2 g5 25. Nd3 $2 {[%emt 0:02:18][%mdl 8192] [#]} (25. Rc2 $1 $11 {and White stays safe.}) 25... Qf6 $2 (25... Rxf3 $1 $19 26. Rc8+ (26. Kxf3 Nd2+) 26... Rf8 27. Rxf8+ Kxf8) 26. Nfe1 ({Better is} 26. Qe2 $14) 26... h5 27. Rc7 {[%emt 0:04:16] [#]} (27. Qe2 $11 {remains equal.}) 27... Qd6 $36 {[%emt 0:02:06][%mdl 2048] Black has the initiative.} ({Black should play} 27... h4 $1 $17 {[%cal Oh4g3] White must now prevent ...hxg3!} 28. Rxd7 hxg3) 28. Qc2 (28. Rc2 $1 $11) 28... Ndc5 $1 $17 {[%emt 0:01:24] The board is on fire. Black is more active.} 29. Ra7 {[%emt 0:01:17] [#]} (29. Rxc5 $142 bxc5 30. dxc5) 29... Ne6 $1 $19 30. Qb2 $2 (30. Kg1) 30... h4 {[%emt 0:01:10][%cal Rh4g3] Black is clearly winning.} 31. Kg1 h3 {[%emt 0:01:52][%cal Oe4f2] Hoping for ...Nxf2!} 32. Qe2 h2+ 33. Kxh2 {[%emt 0:01:34] [#]} Rxf2+ $1 34. Qxf2 Nxf2 35. Nxf2 Nxd4 {[%emt 0:00:46] Weighted Error Value: White=0.96/Black=0.62} 0-1

[Event "1st Chessable Sunway Formentera 2022"]
[Site "Formentera Punta Prima"]
[Date "2022.05.01"]
[Round "3"]
[White "Al-Hajiri, Bader"]
[Black "Garcia Martin, Marta"]
[Result "0-1"]
[ECO "D31"]
[WhiteElo "2052"]
[BlackElo "2326"]
[Annotator "TA"]
[PlyCount "56"]
[EventDate "2022.05.05"]
[EventType "swiss"]
[EventCountry "ESP"]
[SourceTitle "playchess.com"]
[Source "ChessBase"]
[SourceQuality "1"]
[TimeControl "40/5400+30:1800+30"]

1. d4 d5 2. c4 e6 3. Nc3 a6 4. e4 dxe4 5. Nxe4 Bb4+ 6. Nc3 $1 {[%emt 0:01:51] D31: Queen's Gambit Declined: Semi-Slav without ...Nf6 (+ Marshall Gambit and Noteboom) and Exchange Variation lines without ...Nf6.} c5 7. Be3 {[%emt 0:02:53] [#]} Ne7 $146 ({Predecessor:} 7... cxd4 8. Bxd4 Nf6 9. Nf3 Nc6 10. Be2 Nxd4 11. Qxd4 Qxd4 12. Nxd4 Bxc3+ 13. bxc3 Ne4 {0-1 (41) Brahami,L (2201)-Ronka,E (2310) Chess.com INT 2021}) 8. a3 {[%emt 0:06:30] The position is equal.} Bxc3+ 9. bxc3 Qa5 10. Bd2 O-O 11. Nf3 Nbc6 12. Bd3 {[%emt 0:02:49][%cal Od3h7] Black must now prevent Bxh7+!} Rd8 13. h4 (13. Qc2 $14) 13... cxd4 14. cxd4 Qh5 {[%emt 0:00:07] [#]} (14... Qc7 $1 $11) 15. g4 $1 $18 Qxg4 {[%emt 0:00:06] [#]} 16. Bxh7+ $1 {[%emt 0:02:03][%mdl 512] A strong pair of Bishops.} Kf8 (16... Kh8 17. Rg1) 17. Bc3 {[%emt 0:02:37] [#]} (17. Rg1 $14 {was forced to keep a grip.} Qh3 18. Rg3 Qh1+ 19. Rg1) 17... e5 $1 $17 18. Rg1 Qh5 19. Bc2 $2 (19. Bd3 $17 exd4 20. Rg5) 19... Bg4 20. Rg3 (20. Rxg4 Qxg4 21. Qd3) 20... exd4 $19 {[%emt 0:03:26] Black is clearly winning.} 21. Bb2 Ne5 22. Rxg4 Nxg4 ({Not} 22... Qxg4 23. Nxe5 Qg1+ 24. Ke2 $14) 23. Qe2 Nc6 {[%emt 0:02:50] ...Re8 is the strong threat.} 24. O-O-O Nge5 25. Be4 Re8 26. Rg1 (26. Nxd4 $142 Qxe2 27. Nxe2) 26... Nxf3 27. Qxf3 Qxf3 28. Bxf3 Ne5 {[%emt 0:01:04][%csl LRc4,LRf3] Weighted Error Value: White=0.65/Black=0.48} 0-1

[Event "1st Chessable Sunway Formentera 2022"]
[Site "Formentera Punta Prima"]
[Date "2022.05.01"]
[Round "3"]
[White "Aledo Yanguas, David"]
[Black "Neiman, Emmanuel"]
[Result "0-1"]
[ECO "C30"]
[WhiteElo "1908"]
[BlackElo "2248"]
[Annotator "TA"]
[PlyCount "96"]
[EventDate "2022.05.05"]
[EventType "swiss"]
[EventCountry "ESP"]
[SourceTitle "playchess.com"]
[Source "ChessBase"]
[SourceQuality "1"]
[TimeControl "40/5400+30:1800+30"]

1. e4 e5 2. Bc4 Nf6 3. d3 Bc5 4. Nc3 d6 5. f4 Nc6 6. Nf3 Bg4 {[%emt 0:00:00] 6...a6 gains popularity.} 7. Na4 O-O {[%emt 0:00:00] C30: King's Gambit Declined.} 8. Nxc5 dxc5 9. c3 (9. O-O $14) 9... Qd6 {[%emt 0:01:10] [#] The position is equal.} (9... exf4 {with more complications.} 10. Bxf4 Nh5 11. Bg5 Bxf3 12. Qd2 Qd6) 10. Qd2 $146 (10. h3 $5 Be6 11. Bxe6 fxe6 12. O-O $11) ({Predecessor:} 10. h3 Bxf3 11. Qxf3 Nd7 12. O-O Na5 13. Bb5 c6 14. Ba4 b5 15. Bc2 Rad8 16. Qg3 {1-0 (41) Stockova,Z (2366)-Vrana,J (2366) Czech Republic 2013}) 10... Rad8 11. fxe5 Nxe5 12. Nxe5 Qxe5 13. O-O Be6 {[%emt 0:02:52] [#] White must now prevent ...Bxc4.} 14. Qg5 Ng4 15. Bf4 Qxg5 16. Bxg5 Rd7 17. Bxe6 fxe6 18. Rxf8+ Kxf8 $11 {[%emt 0:00:00][%mdl 4096] Endgame KRB-KRN} 19. Rd1 $1 h6 20. Bf4 g5 21. Bg3 Ke8 22. Rd2 b6 23. h3 Nf6 24. Rf2 Nh5 25. Be5 Rxd3 26. Bxc7 c4 27. Kh2 (27. g4 $5 Ng3 28. Rf6 $11) 27... Ke7 28. Bb8 a6 29. Ba7 b5 30. Bc5+ Kd7 31. Bf8 Ng3 32. Bxh6 Nxe4 33. Re2 g4 $1 {[%emt 0:00:16] ( -> ...g3+)} 34. hxg4 (34. Re1 $11) 34... Nf6 $17 35. Bd2 Nxg4+ 36. Kg1 e5 37. Be1 Ke6 {[%emt 0:00:04] Hoping for ...Kf5. Black is more active.} 38. g3 $2 {[%emt 0:01:56][%mdl 8192] This move loses the game for White.} (38. Bd2 $17 {is more resistant.}) 38... Kf5 $19 39. Kg2 e4 40. b3 e3 {[%emt 0:08:55] And now ...Ke4 would win.} 41. bxc4 bxc4 {[%emt 0:30:05] aiming for ...Ke4.} 42. Rb2 Ke4 (42... Rd1 $142 43. Kf1 Ne5) 43. Rb6 {[%emt 0:02:17] [#]} Rd2+ $1 44. Bxd2 (44. Kh3 Kf3) 44... exd2 {[%emt 0:00:05] Black mates.} 45. Re6+ Ne5 46. Rd6 Nd3 47. Rd4+ Ke3 48. Rd6 d1=Q {[%emt 0:00:23] Weighted Error Value: White=0.73/Black=0.25 (precise)} 0-1

[Event "1st Chessable Sunway Formentera 2022"]
[Site "Formentera Punta Prima"]
[Date "2022.05.02"]
[Round "4"]
[White "Gukesh D"]
[Black "Santos Latasa, Jaime"]
[Result "1/2-1/2"]
[ECO "D43"]
[WhiteElo "2659"]
[BlackElo "2672"]
[Annotator "TA"]
[PlyCount "60"]
[EventDate "2022.05.05"]
[EventType "swiss"]
[EventCountry "ESP"]
[SourceTitle "playchess.com"]
[Source "ChessBase"]
[SourceQuality "1"]
[TimeControl "40/5400+30:1800+30"]

1. d4 Nf6 2. c4 e6 3. Nf3 d5 4. Nc3 c6 5. Bg5 h6 6. Bxf6 Qxf6 7. e3 g6 8. Be2 {[%emt 0:00:15] D43: Semi-Slav: 5 Bg5 h6.} Bg7 9. O-O O-O 10. e4 {[%emt 0:00:08] White has an edge.} dxe4 11. Nxe4 Qf4 12. Qc2 c5 13. Nxc5 Nc6 {[%emt 0:01:02] [#]} 14. Nb3 $146 ({Predecessor:} 14. d5 Nd4 15. Nxd4 Qxd4 16. Nb3 Qxb2 17. Qxb2 Bxb2 18. Rab1 Ba3 19. Bf3 exd5 20. Bxd5 {1-0 (53) Edouard,R (2649)-Keymer,V (2558) Biel 2020}) 14... a5 15. Rad1 a4 16. Nc5 Nxd4 17. Nxd4 Bxd4 18. Nxa4 b5 {[%emt 0:05:13] [#]} (18... Rd8 $1 $11) 19. Nc3 (19. g3 $1 $14 Qe5 (19... Qf6 20. cxb5) 20. cxb5) 19... bxc4 $11 {[%emt 0:02:36] The position is equal.} 20. Qd2 Qxd2 21. Rxd2 Bxc3 22. bxc3 Bb7 23. Bxc4 Rfc8 24. Rd4 Ba6 25. Bxa6 Rxa6 {[%emt 0:00:08] KRR-KRR} 26. a4 Rxc3 27. Ra1 {[%emt 0:00:05] Prevents Ra3.} Ra5 28. g3 Rc2 29. h4 Rb2 30. Kg2 Kg7 {[%emt 1:05:39] Weighted Error Value: White=0.08 (flawless) /Black=0.06 (flawless)} 1/2-1/2

[Event "1st Chessable Sunway Formentera 2022"]
[Site "Formentera Punta Prima"]
[Date "2022.05.02"]
[Round "4"]
[White "Martirosyan, Haik M."]
[Black "Papadiamandis, Elliot"]
[Result "1-0"]
[ECO "A34"]
[WhiteElo "2652"]
[BlackElo "2373"]
[Annotator "TA"]
[PlyCount "89"]
[EventDate "2022.05.05"]
[EventType "swiss"]
[EventCountry "ESP"]
[SourceTitle "playchess.com"]
[Source "ChessBase"]
[SourceQuality "1"]
[TimeControl "40/5400+30:1800+30"]

1. Nf3 Nf6 2. c4 c5 3. Nc3 d5 4. cxd5 Nxd5 5. e3 Nc6 6. Bc4 {[%emt 0:03:54] A34: Symmetrical English: 2 Nc3, lines with ...d5.} Nxc3 7. bxc3 e5 {[%emt 0:08:40] [#]} 8. e4 $146 {[%emt 0:03:22] White has an edge.} (8. d4 {is interesting.} exd4 9. exd4 cxd4 10. O-O) ({Predecessor:} 8. Qb3 Qf6 9. Bd5 Be7 10. O-O O-O 11. h3 Rd8 12. Nh2 Na5 13. Qb5 Rxd5 14. Qxa5 Qg6 15. Kh1 e4 16. Qb5 Rg5 17. Qe8+ Bf8 18. Ba3 Bxh3 19. Qxa8 Bxg2+ {0-1 (19) Ruzic,E-Mosonyi,I (2075) Budapest 1999}) 8... Be7 9. d3 O-O 10. Rb1 Qd6 11. O-O Rb8 12. Qe2 Be6 13. Rd1 Rfd8 {[%emt 0:01:22] ...Bxc4 is the strong threat.} 14. Be3 Na5 15. Bb3 Nxb3 16. axb3 Bg4 17. h3 Bh5 18. g4 Bg6 19. Nh2 Rd7 20. Nf1 Bh4 21. f3 Rbd8 22. Bc1 Qa6 23. c4 $1 f6 24. f4 exf4 $1 25. Bxf4 Qe6 26. Ne3 {[%emt 0:01:36] Prevents f5.} Bg5 27. Bxg5 fxg5 28. Nd5 Qe5 29. Kg2 Bf7 30. Qb2 Qd6 31. Rf1 Be6 (31... b5 $5) 32. Rf3 Rf7 33. Rxf7 {[%emt 0:01:25] Dancing on a razor blade. Active counter play!} Bxf7 34. Rf1 Be6 35. Rf3 Rf8 $2 {[%emt 0:00:55][%mdl 8192] [#] Black cannot hold the game after this.} (35... h6 $11 {and Black is okay.}) 36. Qe5 $1 $18 Qd7 37. Qxg5 {[%emt 0:01:28] aiming for Ne7+.} Rxf3 38. Kxf3 {[%emt 0:00:05][%mdl 4096] Endgame Hoping for Nf6+. KQB-KQN} Kf7 {[%emt 0:00:28] Against Nf6} 39. Qe5 b6 40. Nf4 {[%emt 0:00:00] White is clearly winning.} h6 41. Ke3 (41. Nxe6 Qxd3+ 42. Kf4 Qd2+ 43. Kf3 Qd3+ 44. Kf4 Qd2+ 45. Kg3 Qe3+ 46. Kh2 Qe2+ 47. Kh1 Qf1+ 48. Kh2 Qf2+ 49. Kh1 Qf1+ 50. Kh2 Qf2+ 51. Kh1 Qf1+ $11) 41... Qe7 42. Qh5+ Kg8 43. Nxe6 ({Not} 43. Qe5 Kf7 44. Qb8 (44. Nxe6 Qxe6 45. Qd5 Ke7 $18) 44... Qd7 $18) 43... Qxe6 44. Qd5 Kf7 45. d4 {[%emt 0:00:09] Weighted Error Value: White=0.06 (flawless) /Black=0.34} 1-0

[Event "1st Chessable Sunway Formentera 2022"]
[Site "Formentera Punta Prima"]
[Date "2022.05.02"]
[Round "4"]
[White "Sasikiran, Krishnan"]
[Black "Romanishin, Oleg M"]
[Result "1-0"]
[ECO "C96"]
[WhiteElo "2651"]
[BlackElo "2400"]
[Annotator "TA"]
[PlyCount "69"]
[EventDate "2022.05.05"]
[EventType "swiss"]
[EventCountry "ESP"]
[SourceTitle "playchess.com"]
[Source "ChessBase"]
[SourceQuality "1"]
[TimeControl "40/5400+30:1800+30"]

1. e4 e5 2. Nf3 Nc6 3. Bb5 a6 4. Ba4 Nf6 5. O-O Be7 6. Re1 b5 7. Bb3 d6 8. c3 O-O 9. h3 Na5 10. Bc2 c5 11. d4 Bb7 12. d5 Nc4 13. b3 Nb6 14. a4 Bc8 {[%emt 0:00:39] C96: Closed Ruy Lopez: Chigorin Defence: 11 d4, replies other than 11...Qc7.} 15. Qd3 $5 {[%emt 0:22:53][%mdl 4] Leaves trodden paths.} Bd7 {[%emt 0:04:13] [#]} 16. c4 $146 ({Predecessor:} 16. Nxe5 dxe5 17. d6 Bc6 18. dxe7 Qxe7 19. Qe2 Qe6 20. Nd2 g6 21. Qe3 Nbd7 22. Nf3 {1-0 (30) Della Morte,G (2369)-Cuberli,E (2147) Buenos Aires 2020}) 16... Ne8 {[%emt 0:05:58] White is slightly better.} 17. axb5 axb5 18. Rxa8 Qxa8 19. cxb5 f5 20. Nc3 ({Much worse is} 20. exf5 $6 Bxf5 21. Qe2 Nxd5 $11) 20... fxe4 21. Qxe4 Nf6 ({Better is} 21... Bf5 $14 22. Qe2 Bxc2 23. Qxc2 Nxd5) 22. Qh4 $16 {[%emt 0:30:06][%cal Oc2h7] Strongly threatening Bxh7+!} Nbxd5 (22... g6 $16) 23. Nxd5 $18 Qxd5 24. Rd1 Qb7 {[#]} 25. Bxh7+ $1 Kf7 (25... Nxh7 26. Qxe7) 26. Ng5+ Ke8 27. Bg6+ Kd8 28. b4 Qxb5 {aiming for ...Qe2.} 29. Nf7+ Rxf7 30. Bxf7 Qe2 (30... Qa4 $142 31. Re1 Qxb4 32. Qxb4 cxb4) 31. Bb3 Be6 {[#]} (31... Ne4 $2 32. Qh8+ Be8 33. Be3 $18) 32. Ba4 {[%emt 0:00:20] White is clearly winning.} e4 (32... Qh5 $142 33. Qxh5 Nxh5 34. bxc5 d5) 33. Qh8+ Ng8 34. Qxg7 Qa2 {[#]} 35. Bg5 $1 {[%emt 0:00:05] Weighted Error Value: White=0.05 (flawless) /Black=0.50} 1-0

[Event "1st Chessable Sunway Formentera 2022"]
[Site "Formentera Punta Prima"]
[Date "2022.05.02"]
[Round "4"]
[White "Santos Ruiz, Miguel"]
[Black "Sargsyan, Shant"]
[Result "1/2-1/2"]
[ECO "A28"]
[WhiteElo "2586"]
[BlackElo "2641"]
[Annotator "TA"]
[PlyCount "43"]
[EventDate "2022.05.05"]
[EventType "swiss"]
[EventCountry "ESP"]
[SourceTitle "playchess.com"]
[Source "ChessBase"]
[SourceQuality "1"]
[TimeControl "40/5400+30:1800+30"]

1. c4 Nf6 2. Nc3 e5 3. Nf3 Nc6 4. e4 Bb4 5. d3 d6 6. a3 {[%emt 0:00:06] A28: English Opening: Four Knights Variation.} Bc5 {[%emt 0:00:46] White must now prevent ...Ng4.} 7. b4 Bb6 8. Be3 O-O 9. Be2 Bg4 10. O-O Bxf3 11. Bxf3 Nd4 12. Na4 Qd7 13. Nxb6 Nxf3+ 14. Qxf3 axb6 15. h3 {[%emt 0:07:27] [#]} Ra4 $146 ({Predecessor:} 15... Qe6 16. a4 Nd7 17. Ra3 Rfb8 18. Rfa1 Nf8 19. Qe2 Qd7 20. d4 exd4 21. Bxd4 Ng6 {½-½ (62) Lupulescu,C (2624)-McShane,L (2667) Terme Catez 2021}) 16. Bg5 Qe6 17. Bc1 Nd7 18. Bb2 Qh6 19. Qf5 Qe6 20. Qf3 Qh6 21. Qf5 Qe6 22. Qf3 {A balanced but interesting game.  Weighted Error Value: White=0.06 (flawless) /Black=0.04 (flawless)} 1/2-1/2

[Event "1st Chessable Sunway Formentera 2022"]
[Site "Formentera Punta Prima"]
[Date "2022.05.02"]
[Round "4"]
[White "Narciso Dublan, Marc"]
[Black "Prodhomme, Boris"]
[Result "1-0"]
[ECO "A45"]
[WhiteElo "2464"]
[BlackElo "2045"]
[Annotator "TA"]
[PlyCount "53"]
[EventDate "2022.05.05"]
[EventType "swiss"]
[EventCountry "ESP"]
[SourceTitle "playchess.com"]
[Source "ChessBase"]
[SourceQuality "1"]
[TimeControl "40/5400+30:1800+30"]

1. d4 Nf6 2. Bg5 c5 3. Bxf6 gxf6 4. d5 Qb6 5. Qc1 f5 6. c4 Bg7 7. Nc3 {[%emt 0:00:09] A45: Trompowsky Attack.} d6 8. e3 e5 9. Bd3 {[%emt 0:03:37] White has an edge.} e4 10. Be2 {[%emt 0:00:19] [#]} Qb4 $146 ({Predecessor:} 10... Nd7 11. Nh3 Ne5 12. O-O h5 13. Qc2 h4 14. a3 Bd7 15. Kh1 Rc8 16. f3 exf3 17. gxf3 {1-0 (28) Sedlak,N (2582)-Palac,M (2559) Neum 2008}) 11. Nh3 Nd7 12. O-O Bxc3 13. bxc3 Qa4 14. Qb2 Ne5 15. Qb3 Qd7 16. f3 Rg8 17. Nf4 Qe7 18. Rf2 Ng6 19. fxe4 fxe4 20. Raf1 {[%emt 0:00:43] And now Qb5+ would win.} f5 $2 {[%emt 0:03:28] [#] This move loses the game for Black.} (20... Nxf4 $14 21. Rxf4 f5) 21. Ne6 $1 $18 Bxe6 22. dxe6 O-O-O $2 (22... Nh4) 23. Rxf5 {[%emt 0:01:39] Strongly threatening Rf7.} Nh4 {[%emt 0:02:02] [#]} 24. Rf7 $1 Rxg2+ 25. Kh1 Rxh2+ 26. Kxh2 Nf3+ 27. R1xf3 {[%emt 0:00:13] Weighted Error Value: White=0.07 (flawless) /Black=0.66} 1-0

[Event "1st Chessable Sunway Formentera 2022"]
[Site "Formentera Punta Prima"]
[Date "2022.05.02"]
[Round "4"]
[White "Jarmula, Lukasz"]
[Black "Batsiashvili, Nino"]
[Result "1/2-1/2"]
[ECO "C78"]
[WhiteElo "2459"]
[BlackElo "2463"]
[Annotator "TA"]
[PlyCount "76"]
[EventDate "2022.05.05"]
[EventType "swiss"]
[EventCountry "ESP"]
[SourceTitle "playchess.com"]
[Source "ChessBase"]
[SourceQuality "1"]
[TimeControl "40/5400+30:1800+30"]

1. e4 e5 2. Nf3 Nc6 3. Bb5 a6 4. Ba4 Nf6 5. O-O b5 6. Bb3 Bc5 7. a4 Rb8 8. c3 d6 9. d4 Bb6 10. a5 {[%emt 0:00:10] C78: Ruy Lopez: Archangelsk and Möller Defences.} Ba7 (10... Nxa5 11. Rxa5 Bxa5 12. dxe5) (10... Bxa5 $2 11. d5 $18) 11. h3 O-O 12. Be3 {[%emt 0:01:11] The position is equal.} Re8 {[%emt 0:00:52] is the new trend.} 13. Ng5 Rf8 14. Re1 Ra8 15. Nf3 Bb7 (15... Re8 $11) 16. Nbd2 {[%emt 0:11:41] White is more active.} Re8 17. dxe5 (17. Ng5 {with more complications.} Rf8 18. Ndf3 h6 19. Nxf7 Rxf7 20. dxe5 Bxe3 21. exf6 Ba7 22. Bxf7+ Kxf7 23. Qd5+) 17... Bxe3 (17... Nxe5 $11 18. Nxe5 dxe5) 18. exf6 $14 ({Don't play} 18. Rxe3 Nxe5 19. Qe2 c5 $11) 18... Bxd2 19. Qxd2 {[%emt 0:00:15][%cal Ob3f7] [#] Strongly threatening Bxf7+!} Qxf6 20. Bd5 Rab8 {[%emt 0:03:20] [#]} 21. Re3 $146 ({Predecessor:} 21. b4 Ne5 22. Nxe5 Rxe5 23. Bxb7 Rxb7 24. Rad1 Rb8 25. Qd4 Ra8 26. Re3 g6 27. f3 Qf4 28. Red3 h5 29. Kh1 {0-1 (39) Frank,A (2324)-Bracker,A (2228) Marianske Lazne 2022}) 21... Ne5 22. Nxe5 Qxe5 23. Rae1 Re7 24. b4 h6 25. Qd4 Qxd4 26. cxd4 c6 $1 27. Bb3 c5 28. bxc5 dxc5 29. dxc5 Rc8 30. Rc1 Rxe4 31. Rd3 {[#] Threatens to win with Rd7.} Bc6 {[%emt 0:00:05] Against Rd7} 32. Rcd1 Kf8 33. Rf3 Re7 34. Rf5 (34. Rf4 $11 {remains equal.}) 34... Bd7 35. Rf3 Bc6 36. Rf5 Bd7 37. Rf3 Bc6 38. Rf5 Bd7 {[%emt 0:00:00] Weighted Error Value: White=0.13 (very precise) /Black=0.21 (precise)} ({Better is} 38... f6 $17) 1/2-1/2

[Event "1st Chessable Sunway Formentera 2022"]
[Site "Formentera Punta Prima"]
[Date "2022.05.02"]
[Round "4"]
[White "Song, Julien"]
[Black "Grutter, Tim"]
[Result "1/2-1/2"]
[ECO "E94"]
[WhiteElo "2388"]
[BlackElo "2241"]
[Annotator "TA"]
[PlyCount "132"]
[EventDate "2022.05.05"]
[EventType "swiss"]
[EventCountry "ESP"]
[SourceTitle "playchess.com"]
[Source "ChessBase"]
[SourceQuality "1"]
[TimeControl "40/5400+30:1800+30"]

1. d4 Nf6 2. c4 g6 3. Nc3 Bg7 4. e4 d6 5. Nf3 O-O 6. Be2 e5 7. O-O exd4 8. Nxd4 Re8 9. f3 c6 10. Nc2 Na6 11. Kh1 h6 {[%emt 0:00:13] E94: King's Indian: Classical: 6 Be2 e5 7 0-0: Various Black 7th moves.} 12. Be3 d5 13. cxd5 cxd5 {[%emt 0:00:19] White has an edge.} 14. exd5 {[%emt 0:15:53] With the idea Qd2.} Nb4 $1 {[%emt 0:00:42] [#] Hoping for ...Nxc2.} 15. Bg1 $146 (15. Bxh6 {seems wilder.} Nxc2 16. Bxg7 Nxa1 17. Bh6) ({Predecessor:} 15. Nxb4 Rxe3 16. Qd2 Re8 17. Bb5 Re5 18. Nd3 Rg5 19. Bc4 a6 20. Ne4 Rh5 21. Nf4 {1-0 (29) Saric,A (2474)-Rykov,I (2334) Pula 2006}) 15... Nbxd5 16. Nxd5 Qxd5 17. Ne3 Qe5 18. Qb3 Nh5 19. Bc4 Be6 20. Bxe6 Qxe6 21. Qxb7 Reb8 22. Qd5 Qxd5 23. Nxd5 {[%emt 0:00:02] [#] Strongly threatening Nc7.} Rxb2 24. a4 Nf6 25. Ne7+ Kh7 26. Nc6 a6 27. Rab1 ({Much weaker is} 27. Bd4 Re2 $15) 27... Rc2 28. Nb4 Rd2 29. Rfd1 Rxd1 30. Rxd1 a5 31. Nc6 Ra6 32. Nd8 Kg8 33. Nb7 g5 34. Rd8+ Kh7 35. g4 Kg6 36. Kg2 Rc6 37. Nxa5 Ra6 38. Nc4 Rxa4 39. Ne5+ Kh7 40. Nxf7 Ra5 41. Bf2 Rd5 (41... Nd5 $11) 42. h4 {[%emt 0:05:29] White is more active.} (42. Rxd5 $14 Nxd5 43. Bg3) 42... Rxd8 43. Nxd8 {[%emt 0:00:08] next Ne6 is good for White.} gxh4 44. Bxh4 $11 {[%emt 0:02:57][%mdl 4096] Endgame KBN-KBN} h5 45. g5 Nd5 46. Ne6 Be5 47. Bg3 Bh8 (47... Bc3 $11) 48. Kh3 (48. Nf8+ $1 $14 Kg7 49. Be5+ Kxf8 50. Bxh8) 48... Ne3 (48... Kg6 $11) 49. Nf4 Be5 $2 (49... Nf5 $11) 50. Nxh5 $18 Kg6 51. Bxe5 {[%emt 0:00:26][%cal Oe5f4] Threatens to win with Bf4!} Kxh5 {[%emt 0:00:02] KB-KN} 52. Bf6 Nf5 53. Bd8 $2 (53. f4 $18) 53... Kg6 $2 (53... Ng7 $11 {and Black has nothing to worry.}) 54. Kg4 Ne3+ 55. Kf4 Nf5 56. Bb6 Ng7 57. Be3 Nf5 58. Bc1 Ng7 59. Ke5 Nf5 60. f4 Ng7 61. Be3 Nf5 62. Bf2 Ng7 63. Kd6 Nf5+ 64. Ke6 Ng7+ 65. Ke7 Nf5+ 66. Ke6 Ng7+ {[%emt 0:07:46] Weighted Error Value: White=0.16 (very precise) /Black=0.24 (precise)} 1/2-1/2